Cogmind - Beta 13 X1 @@@ ROGUE MODE // 2023.11.30 @ 17:08:15 Player: youngster Result: Destroyed by 8R-AWN with 8R-AWN's Boregun Performance ------------- Evolutions (0) 0 Regions Visited (3) 600 Robots Destroyed (24) 120 Value Destroyed (556) 556 Prototype IDs (40) 800 Alien Tech Used (0) 0 Bonus (-344) -344 TOTAL SCORE: 1732 Bonus ------- Aligned with FarCom 300 Friendly Fire -644 Cogmind --------- Core Integrity 0/250 Matter 295/300 Energy 238/240 System Corruption 0% Temperature Cool (0) Movement Treading (240) Ox1 Location -10/Exiles Parts ------- > --- POWER (1) -------- Nuclear Core > --- PROPULSION (2) --- Light Treads Light Treads > --- UTILITY (2) ------ High-capacity Storage Unit Reflective Plating > --- WEAPON (2) ------- Light Assault Rifle Minigun > --- INVENTORY (20) --- Light Nuclear Core Light Treads Light Treads Light Treads Compact Wheel Compact Wheel Improved Weapon Shielding Light Assault Rifle Light Assault Rifle Light Cannon Light Cannon Grenade Launcher Grenade Launcher Makeshift Sword Peak State ------------ > --- POWER ------------ Nuclear Core > --- PROPULSION ------- Light Treads Compact Wheel > --- UTILITY ---------- Huge Storage Unit Improved Trap Extractor > --- WEAPON ----------- Light Assault Rifle Minigun > --- INVENTORY -------- Light Nuclear Core Light Treads Light Treads Light Treads Light Treads Light Treads Compact Wheel Improved Heat Sink High-capacity Storage Unit Huge Storage Unit High-capacity Matter Pod Seismic Detector Improved Weapon Shielding Reflective Plating Light Assault Rifle Light Assault Rifle Light Cannon Light Cannon Light Cannon Grenade Launcher Grenade Launcher Grenade Launcher Grenade Launcher Datajack Makeshift Sword [Rating: 17] Favorites ----------- Power Nuclear Core Engine Ion Engine Power Core Nuclear Core Propulsion Light Treads Treads Light Treads Wheel Compact Wheel Utility Huge Storage Unit Device Improved Heat Sink Storage Huge Storage Unit Processor Transport Network Coupler Protection Reflective Plating Weapon Light Assault Rifle Energy Gun Small Laser Ballistic Gun Light Assault Rifle Ballistic Cannon Light Cannon Launcher Grenade Launcher Special Melee Weapon Datajack Build | -11 -10 -10 -10 ------- Run | Jun Mat Min Exi Slots Evolved . | . . . . Power . | . . . . Propulsion . | . . . . Utility . | . . . . Weapon . | . . . . Parts Attached 54 | 7 21 14 12 Power 5 | 1 2 2 . Engine 4 | 1 2 1 . Core 1 | . . 1 . Reactor . | . . . . Propulsion 7 | 2 3 . 2 Treads 6 | 2 2 . 2 Leg . | . . . . Wheel 1 | . 1 . . Hover . | . . . . Flight . | . . . . Utility 21 | 2 10 5 4 Device 14 | 1 6 5 2 Storage 5 | 1 3 . 1 Processor 1 | . 1 . . Hackware . | . . . . Protection 1 | . . . 1 Artifact . | . . . . Weapon 21 | 2 6 7 6 Energy Gun 1 | . 1 . . Energy Cannon . | . . . . Ballistic Gun 7 | 2 1 2 2 Ballistic Cannon 4 | . 1 3 . Launcher 6 | . 3 1 2 Special Weapon . | . . . . Impact Weapon . | . . . . Slashing Weapon . | . . . . Piercing Weapon . | . . . . Special Melee Weapon 3 | . . 1 2 Unidentified Prototypes . | . . . . Parts Lost 4 | . 2 1 1 Power 1 | . . 1 . Propulsion 1 | . . . 1 Utility 1 | . 1 . . Weapon 1 | . 1 . . Highest Loss Streak 1 | . 1 1 1 To Critical Strikes 1 | . . . 1 Average Slot Usage (%) 92 | . 99 99 86 Engine 3 | . 14 2 . Core 10 | . . 11 14 Treads 22 | . 22 14 25 Wheel 5 | . 4 14 2 Device 8 | . 13 14 4 Storage 14 | . 14 14 14 Protection 1 | . . . 1 Energy Gun 1 | . 8 . . Ballistic Gun 15 | . 16 19 13 Ballistic Cannon 2 | . 3 7 . Launcher 2 | . . . 3 Special Melee Weapon 3 | . . . 5 Naked Turns . | . . . . Heaviest Build 97 | 13 90 94 97 Greatest Support 40 | 40 40 16 40 Greatest Overweight (x) 5 | . 5 5 5 Average Overweight (x) 3 | . 2 5 2 Largest Inventory Capacity 25 | 8 25 25 25 Average Capacity 23 | 7 21 25 24 Most Carried 25 | 4 23 25 25 Average Carried 20 | 2 13 24 22 Final Capacity 25 | 8 25 25 20 Final Carried 25 | 4 23 25 14 Class Distribution -------------------- 100% | Mutant Dominant Class ---------------- Mutant | -10/Materials Mutant | -10/Mines Mutant | -10/Exiles Resources | -11 -10 -10 -10 ----------- Run | Jun Mat Min Exi Matter Collected 1487 | 298 543 366 280 Remotely . | . . . . Salvage Created 1008 | 135 584 260 29 Parts 56 | 10 33 13 . Haulers Intercepted 2 | . 2 . . Recyclers Shooed 4 | . 1 3 . Parts Field Recycled . | . . . . Retrieved Matter . | . . . . Parts Self-Destructed . | . . . . Prevented . | . . . . Kills | -11 -10 -10 -10 ------- Run | Jun Mat Min Exi Combat Hostiles Destroyed 16 | . 10 3 3 Guns 9 | . 8 1 . Cannons 1 | . . 1 . AOE 6 | . 2 1 3 Classes Destroyed 8 | 2 3 2 1 Worker 1 | . . 1 . Tunneler 3 | 3 . . . Hauler 2 | . 2 . . Recycler 4 | 1 . 3 . Watcher 1 | . 1 . . Swarmer 1 | . . 1 . Grunt 12 | . 10 2 . Assembled 7 | . . . 7 Best Kill Streak 3 | 3 2 2 3 Combat Bots Only 3 | . 2 1 3 Max Kills in Single Turn 4 | 1 1 1 4 Gunslinging . | . . . . Exploded 2 | . 1 1 2 Melee . | . . . . Uniques/NPCs Destroyed . | . . . . Combat | -11 -10 -10 -10 -------- Run | Jun Mat Min Exi Damage Taken 1310 | . 670 328 312 Core 261 | . 95 94 72 Absorbed by Shields . | . . . . Ignored by Resistances 1 | . . . 1 Regen/Repaired (Parts) 92 | . 92 . . Core Remaining (%) 100 | 100 . . . Volleys Fired 124 | 14 69 29 12 Largest 2 | 2 2 2 2 Hottest 75 | 40 75 70 60 Shots Fired 239 | 28 130 57 24 Gun 195 | 28 125 24 18 Cannon 31 | . 2 29 . Launcher 13 | . 3 4 6 Special . | . . . . Kinetic 216 | 28 117 53 18 Thermal 10 | . 10 . . Explosive 13 | . 3 4 6 Electromagnetic . | . . . . Robot Hit Streak 9 | 6 9 6 8 Robot Miss Streak 12 | 2 2 12 4 Penetration Max . | . . . . Secondary Targets . | . . . . Shots Hit Robots 151 | 17 92 23 19 Core Hits 69 | 7 35 11 16 Critical Kills . | . . . . Critical Parts Destroyed . | . . . . Critical Strikes . | . . . . Melee Attacks 4 | . . . 4 Impact . | . . . . Slashing . | . . . . Piercing . | . . . . Sneak Attacks 4 | . . . 4 Combat Hostiles . | . . . . Follow-up Attacks . | . . . . Damage Inflicted 2107 | 151 915 517 524 Guns 1238 | 151 715 202 170 Cannons 141 | . 18 123 . Explosions 728 | . 182 192 354 Melee . | . . . . Ramming . | . . . . Kinetic 1311 | 151 665 325 170 Thermal 68 | . 68 . . Explosive 728 | . 182 192 354 Electromagnetic . | . . . . Impact . | . . . . Slashing . | . . . . Piercing . | . . . . Highest Corruption . | . . . . Average Corruption . | . . . . Corruption Purged . | . . . . Corruption Blocked . | . . . . Overload Shots . | . . . . Overflow Damage 12 | . 2 7 3 Projectiles 7 | . . 7 . Explosions 5 | . 2 . 3 Melee . | . . . . Knockbacks 2 | . . 2 . Impact . | . . . . Kinetic 2 | . . 2 . Secondary . | . . . . Self-Inflicted Damage 19 | . 19 . . Shots 2 | . 2 . . Rammed . | . . . . Targets Rammed . | . . . . Kicked . | . . . . Crushed . | . . . . Highest Temperature 171 | . 36 171 65 Average Temperature 35 | . 13 62 32 Received Heat Transfer 560 | . 396 144 20 Siege Activations . | . . . . Robots Corrupted . | . . . . Combat Hostiles . | . . . . Parts Fried . | . . . . Impact Corruptions . | . . . . Robots Melted . | . . . . Combat Hostiles . | . . . . Parts Melted . | . . . . Heat Transferred 150 | . 150 . . Parts Sabotaged . | . . . . Parts Stolen . | . . . . Parts Stripped . | . . . . Power Chain Reactions . | . . . . Missiles Intercepted . | . . . . Alert | -11 -10 -10 -10 ------- Run | Jun Mat Min Exi Peak Influence 230 | 20 230 83 . Initial 13 | . 13 . . Average 43 | 9 51 38 . Maximum Alert Level 1 | . 1 . . Low Security (%) 99 | 100 98 100 . Level 1 . | . 1 . . Level 2 . | . . . . Level 3 . | . . . . Level 4 . | . . . . Level 5 . | . . . . High Security . | . . . . Max Security . | . . . . Squads Dispatched 1 | . 1 . . Investigation . | . . . . Extermination . | . . . . Reinforcement 1 | . 1 . . Assault . | . . . . Garrison . | . . . . Intercept . | . . . . Searches Triggered . | . . . . Construction Impeded . | . . . . Haulers Reinforced . | . . . . Active Scanning Responses . | . . . . Cargo Convoy Interrupts . | . . . . Stealth | -11 -10 -10 -10 --------- Run | Jun Mat Min Exi Distress Signals 3 | . 3 . . Communications Jammed . | . . . . Distress Signals . | . . . . Times Spotted 39 | . 25 6 8 Peak Tracking Total 5 | . 3 3 5 Tactical Retreats 2 | . . 2 . Traps | -11 -10 -10 -10 ------- Run | Jun Mat Min Exi Traps Triggered . | . . . . Indirectly . | . . . . Trap Hack Attempts 15 | . . 15 . Triggered . | . . . . Disarmed . | . . . . Reprogrammed 1 | . . 1 . Reused 1 | . . . 1 Traps Extracted 1 | . . 1 . Installed 1 | . . . 1 Triggered . | . . . . Most Traps Carried 1 | . . 1 1 Machines | -11 -10 -10 -10 ---------- Run | Jun Mat Min Exi Machines Disabled 5 | . . 2 3 Max in Single Turn 2 | . . 2 2 Machines Repaired . | . . . . Machines Sabotaged . | . . . . Overloaded Fab Kills . | . . . . Hacking | -11 -10 -10 -10 --------- Run | Jun Mat Min Exi Machines Accessed 11 | . 8 1 2 Terminals 7 | . 7 . . Fabricators . | . . . . Repair Stations 1 | . 1 . . Recycling Units . | . . . . Scanalyzers . | . . . . Garrison Access . | . . . . Total Hacks 28 | . 22 1 5 Successful 17 | . 11 1 5 Failed 11 | . 11 . . Catastrophic 2 | . 2 . . Database Lockouts . | . . . . Manual 16 | . 15 . 1 Terminals 20 | . 20 . . Fabricators . | . . . . Repair Stations 2 | . 2 . . Recycling Units . | . . . . Scanalyzers . | . . . . Garrison Access . | . . . . Terminal Hacks 12 | . 6 1 5 Record 4 | . . . 4 Robot Schematic 1 | . 1 . . Robot Analysis 2 | . 2 . . Prototype ID Bank 2 | . 2 . . Open Door 1 | . . 1 . Locate Traps 1 | . 1 . . Derelict Proto ID Bank 1 | . . . 1 Fabricator Hacks . | . . . . Repair Station Hacks 2 | . 2 . . Scan Component 1 | . 1 . . Repair 1 | . 1 . . Recycling Unit Hacks . | . . . . Scanalyzer . | . . . . Garrison Access Hacks . | . . . . Unauthorized Hacks 3 | . 3 . . Terminals 3 | . 3 . . Botnet 3 | . 3 . . Fabricators . | . . . . Repair Stations . | . . . . Recycling Units . | . . . . Scanalyzers . | . . . . Garrison Access . | . . . . Data Cores Recovered . | . . . . Used . | . . . . Hacking Detections 8 | . 8 . . Full Trace Events . | . . . . Feedback Events . | . . . . Feedback Blocked . | . . . . Robot Schematics Acquired 1 | . 1 . . Robots Built . | . . . . Authchips . | . . . . Time . | . . . . Total Robot Build Rating . | . . . . Part Schematics Acquired . | . . . . Parts Built . | . . . . Authchips . | . . . . Time . | . . . . Total Part Build Rating . | . . . . Parts Repaired 1 | . 1 . . Time 13 | . 13 . . Parts Recycled . | . . . . Recycled Matter . | . . . . Retrieved Matter . | . . . . Retrieved Components . | . . . . Parts Scanalyzed . | . . . . Part Schematics Acquired . | . . . . Parts Damaged . | . . . . Bothacking | -11 -10 -10 -10 ------------ Run | Jun Mat Min Exi Used RIF Installer . | . . . . Robots Hacked 4 | . . . 4 Non-combat 3 | . . . 3 Combat 1 | . . . 1 Robot Hacks Applied 4 | . . . 4 parse_system 4 | . . . 4 Relay Couplers Released . | . . . . Fabnet Peak Effective % . | . . . . Robots Rewired . | . . . . Allies Hacked . | . . . . Hacks Repelled . | . . . . Allies | -11 -10 -10 -10 -------- Run | Jun Mat Min Exi Total Allies . | . . . . Largest Group . | . . . . Highest-Rated Group . | . . . . Highest-Rated Ally . | . . . . Total Orders . | . . . . Ally Attacks . | . . . . Total Damage . | . . . . Kills . | . . . . Allies Corrupted . | . . . . Allies Melted . | . . . . Intel | -11 -10 -10 -10 ------- Run | Jun Mat Min Exi Robot Analysis Total 2 | . 2 . . Derelict Logs Recovered 1 | . . 1 . Drone Launches . | . . . . Drone Recoveries . | . . . . Exploration | -11 -10 -10 -10 ------------- Run | Jun Mat Min Exi Turns Passed 7317 | 119 1644 1521 4033 Spaces Moved 2736 | 44 661 560 1471 Core 2 | 2 . . . Treads 1420 | 42 344 . 1034 Legs . | . . . . Wheels 1314 | . 317 560 437 Hover . | . . . . Flight . | . . . . Fastest Speed 50 | 50 160 175 175 Average Speed 232 | 155 206 175 268 Slowest Speed 320 | 160 240 175 320 Overloaded Moves . | . . . . Propulsion Burnouts . | . . . . Robots Hopped . | . . . . Cave-ins Triggered . | . . . . Exploration Rate (%) 67 | 4 97 98 69 Regions Visited 3 Branch Regions 2 Pre-discovered Areas 2 | . . 1 1 Known Exits Taken . | . . . . Unknown Exits Taken 3 | 1 1 1 . Scrap Searched 1 | . . 1 . Spaces Dug 13 | . 13 . . Terrain Destroyed 62 | . 20 25 17 Melee . | . . . . Projectile 4 | . . 4 . AOE 58 | . 20 21 17 Terrain Rammed . | . . . . Walls Destroyed . | . . . . Machines Disabled . | . . . . Actions | -11 -10 -10 -10 --------- Run | Jun Mat Min Exi Total 3485 | 69 827 1046 1543 Wait 468 | 1 53 413 1 Move 2733 | 43 660 559 1471 Hop . | . . . . Pick Up 46 | 4 18 9 15 Fast Attach 14 | 7 4 1 2 Attach 6 | . 2 1 3 Detach 3 | . 3 . . Swap 34 | . 15 12 7 Drop 37 | . 3 7 27 Fire 124 | 14 69 29 12 Melee 4 | . . . 4 Ram . | . . . . Kick . | . . . . Crush . | . . . . Escape Stasis . | . . . . Rewire . | . . . . Trap 16 | . . 15 1 Miscellaneous . | . . . . Route ------- -11/Junkyard -10/Materials (discovered 5 exits: [*Mat x3] / *Min x2) -10/Mines (discovered 3 exits: [*Mat x2] / *Exi) -10/Exiles (discovered 1 exit: [*Min]) History --------- Turn | Location | Event 16 | -11/Junkyard | Discovered new exit (range 15) 120 | -11/Junkyard | Entered Materials 301 | -10/Materials | Build established: Mutant 364 | -10/Materials | Discovered new exit (range 7) 594 | -10/Materials | Discovered new exit (range 11) 835 | -10/Materials | Discovered new exit (range 9) 1003 | -10/Materials | Repaired Lgt. Treads 1329 | -10/Materials | Discovered new exit (range 10) 1426 | -10/Materials | Discovered new exit (range 12) 1764 | -10/Materials | Entered Mines 1786 | -10/Mines | Core integrity fell below 50% 1864 | -10/Mines | Met a Derelict who couldn't figure out how to use a Trap Extractor 2320 | -10/Mines | Assembled infested the area 2325 | -10/Mines | Assisted by a Guerilla fighting off Assembled 2648 | -10/Mines | Deemed a non-threat by the Exiles lab entrance 2648 | -10/Mines | Discovered new exit (range 5) 2752 | -10/Mines | Discovered new exit (range 6) 2853 | -10/Mines | A weapon hastily lodged in a ceiling crevice suddenly fell to the ground 2995 | -10/Mines | Discovered new exit (range 10) 3152 | -10/Mines | Learned location of Zion (-6) 3285 | -10/Mines | Entered Exiles 3327 | -10/Exiles | Met 8R-AWN 3361 | -10/Exiles | Met EX-HEX 3368 | -10/Exiles | Warned about trapping Exiles lab 3406 | -10/Exiles | Discovered new exit (range 14) 3677 | -10/Exiles | Met EX-BIN 3747 | -10/Exiles | Met EX-DEC 5594 | -10/Exiles | Aligned with FarCom system 5598 | -10/Exiles | Given EX-Vault access code 5671 | -10/Exiles | Opened EX-Vault 5751 | -10/Exiles | Warned to stay clear of 0b10 Research branches 7282 | -10/Exiles | Attacked by the Exiles 7301 | -10/Exiles | Core integrity fell below 20% 7318 | -10/Exiles | Destroyed by 8R-AWN with 8R-AWN's Boregun Last Messages --------------- 07307_ Penetrated by HV Slug. 07307_ HV Slug penetrates Y5-7GU(z). 07307_ Penetrated by HV Slug. 07307_ Critical hit (Destroy). 07307_ Lgt. Treads destroyed. 07307_ HV Slug penetrates Y5-7GU(z). 07309_ Penetrated by HV Slug. 07310_ Extracted 10 matter. 07311_ Extracted 5 matter. 07311_ Penetrated by HV Slug. 07313_ HV Slug penetrates Machine. 07313_ HV Slug penetrates Wall. 07315_ The unstable cave ceiling collapses. 07316_ Extracted 5 matter. 07316_ The unstable cave ceiling collapses. 07316_ Penetrated by HV Slug. 07316_ HV Slug penetrates Wall. 07318_ Penetrated by HV Slug. 07318_ HV Slug penetrates Wall. 07318_ Penetrated by HV Slug. Map ----- +----------------------------------------------------+ | """#??????????????????????????????????? | | """#??????????????????????????????????? | | """#??????????????????????????????????? | | """#??????????????????????????????????? | | """#??????????????????????????????????? | | """""?????????????????????????????????? | | """#??????????????????????????????????? | | "X" """"??????????????????????????????????? | | """ #??????????????????????????????????? | | """""""""#??????????????????????????????????? | | ###########??????????????????????????????????? | | #????????????????????????????????????????????? | | #????????????????????????????????????????????? | | ##???????????????????????????????????????????? | | ##???####;######????????????????????????????? | | #####"""" """"##???????????????????????????? | | " """ """"##??????????????????????????? | | " " #??????????????????????????? | | """#??????????????????????????? | | a"#???????????#####??????????? | | " "##?????????##" #??????????? | | "###???????#" #??????????? | | "" ""#??????##" ##?????????? | | #""" "#????### ###???????? | | #####""" !##???# ######### | | ????##""" !@##?## #""""## | | ?????#"""" !!### | | ????##"" g ^ ## | | ?####"""" #### | | ##""" ""#?#"""""#### | | """ #"""##?#######??#### | | #####??????????????## | | ###???????????????????? | | " ##????????????????????? | | "" " #?????????????????????? | | ##""" " " "" # #?????????????????????? | | ######""" """ ###?????????????????????? | | #????###""""### ## ????????????????????????? | | ####???######???#######????????????????????????? | | " #???????????????????????????????????????????? | | !#???????????????????????????????????????????? | | "#???????????????????????????????????????????? | | !""!"#???????????????????????????????????????????? | | ######???????????????????????????????????????????? | | ?????????????????????????????????????????????????? | | ?????????????????????????????????????????????????? | | ?????????????????????????????????????????????????? | | ?????????????????????????????????????????????????? | | ?????????????????????????????????????????????????? | | ?????????????????????????????????????????????????? | +----------------------------------------------------+ Best States ------------- Heat Dissipation 39 Energy Generation 14 Energy Capacity 250 Matter Stores 411 Matter Capacity 500 Sight Range 16 Terrain Scan Range 16 Terrain Scan Density 10 Armor Coverage 150 Resistance: TH 10 Evasion (%) 40 Recoil Reduction 2 Item Schematics ----------------- None Robot Schematics ------------------ M-13 Machinist | -10/Materials | Hacked Fabricated ------------ Nothing Alien Tech Used ----------------- None Achievements -------------- None Challenges ------------ None Game ------ Seed ImprinterControlTriangulator Manual? 0 Play Time 00:30:46 Cumulative 413.1 hours Start 2023.11.30 @ 16:37:53 End 2023.11.30 @ 17:08:15 Sessions 1 Manual Loads 0 Difficulty Rogue Special Mode None Game No. 185 Rogue 185 Adventurer 0 Explorer 0 Win Type - Total 9 Types 6/0/1/1/0/0/0/1/0 Lore% 85 Gallery% 91 Achievement% 71 Wizard Run 0 Options --------- ASCII 1 Keyboard 1 Movement Vi Keybinds 0 Fullscreen 2 Font 24/Cog Map View 76x50 Tactical HUD 1 Map Filters NONE Filters NONE Steam 0 RUN: 7f879d44-a90a-4166-bb51-be371c455d91